 Dungeon Crawl Stone Soup version 0.22.1-1-ga44c0e56f4 (webtiles) character file.

37 Knicklaso the Cutter (level 3, 0/24 HPs)
             Began as a Halfling Warper on Sept 29, 2018.
             Slain by an adder (1 damage)
             ... on level 1 of the Dungeon.
             The game lasted 00:03:55 (1735 turns).

Knicklaso the Cutter (Halfling Warper)              Turns: 1735, Time: 00:03:56

Health: 0/24       AC:  1    Str: 13    XL:     3   Next: 60%
Magic:  5/5        EV: 14    Int: 11    God:
Gold:   33         SH:  0    Dex: 13    Spells: 1/5 levels left

rFire    . . .     SeeInvis .   a - +0 short sword
rCold    . . .     Gourm    .   (shield restricted)
rNeg     . . .     Faith    .   l - -2 leather armour (curse)
rPois    .         Spirit   .   (no helmet)
rElec    .         Reflect  .   (no cloak)
rCorr    .         Harm     .   (no gloves)
MR       .....                  (no boots)
Stlth    +.........             (no amulet)
HPRegen  0.08/turn              (no ring)
MPRegen  0.09/turn              (no ring)

@: lethally poisoned (0 -> -11)
A: small, mutation resistance 1
a: no special abilities


You were on level 1 of the Dungeon.
You were hungry.

You visited 1 branch of the dungeon, and saw 2 of its levels.

You collected 33 gold pieces.

Inventory:

Hand Weapons
 a - a +0 short sword (weapon)
Missiles
 e - 5 tomahawks of dispersal (quivered)
Armour
 b - a +0 leather armour
 j - a +2 robe of magic resistance
 l - a cursed -2 leather armour (worn)
Scrolls
 d - a scroll of blinking
 g - a scroll of fear
 h - 2 scrolls of identify
 n - a scroll of teleportation
Potions
 c - 2 potions of heal wounds
 i - 2 potions of invisibility {unknown}
 k - a potion of lignification {unknown}
Comestibles
 f - 4 rations


   Skills:
 + Level 2.1 Fighting
 * Level 3.4 Short Blades
 - Level 1.0 Throwing
 - Level 1.1 Armour
 + Level 2.6 Dodging
 + Level 1.9 Spellcasting
 - Level 3.2 Translocations


You had one spell level left.
You knew the following spells:

 Your Spells              Type           Power        Failure   Level  Hunger
a - Shroud of Golubria    Chrm/Tloc      #.........   28%         2    ###....
b - Blink                 Tloc           N/A          14%         2    ###....

Your spell library contained the following spells:

 Spells                   Type           Power        Failure   Level  Hunger
 Gell's Gravitas          Tloc           #.........   28%         3    ####...
 Lesser Beckoning         Tloc           #.........   28%         3    ####...
 Teleport Other           Tloc           #.......     28%         3    ####...
 Passage of Golubria      Tloc           N/A          67%         4    #####..


Dungeon Overview and Level Annotations

Branches:
Dungeon (2/15)

Altars:
Ashenzari


Innate Abilities, Weirdness & Mutations

You are small and have problems with some larger weapons.
You are somewhat resistant to further mutation.


Message History

You feel sick. The adder barely misses you.
You barely miss the adder.
The adder is lightly wounded.
You feel sick. The adder bites you.
* * * LOW HITPOINT WARNING * * *
You are more poisoned.
The adder poisons you!
You barely miss the adder.
The adder is lightly wounded.
* * * LOW HITPOINT WARNING * * *
You feel sick. The adder bites you but does no damage.
You miss the adder.
The adder is lightly wounded.
* * * LOW HITPOINT WARNING * * *
You feel sick. The adder barely misses you.
You closely miss the adder.
The adder is lightly wounded.
* * * LOW HITPOINT WARNING * * *
You feel sick. The adder completely misses you. The adder bites you.
You die...

############# ............#
###########.# ### .......# #.#
#.. ######.# ##.######### #.#
...# #.# #.....S....# #.#
.#.###.# #......@...# #.#
.......# #..........# #.#
...##### #..........# #.#
.......# #..........# #.#
.......###..........# ####.#
..##.....##.######### #.....
.........#....##############.....
#.##.....#..#.#......s.bK.K'.....
............#.#.############.....


You could see an adder.

Vanquished Creatures
  An adder (D:2)
  2 dart slugs
  6 bats
  2 giant cockroaches (D:1)
  2 goblins (D:1)
  3 hobgoblins (D:1)
  5 kobolds
  2 rats
23 creatures vanquished.

Notes
Turn   | Place    | Note
-------+----------+-------------------------------------------
     0 | D:1      | Knicklaso the Halfling Warper began the quest for the Orb.
     0 | D:1      | Reached XP level 1. HP: 14/14 MP: 3/3
   119 | D:1      | Reached XP level 2. HP: 14/19 MP: 4/4
   391 | D:1      | Learned a level 2 spell: Blink
   394 | D:1      | Learned a level 2 spell: Shroud of Golubria
   799 | D:1      | Reached XP level 3. HP: 13/24 MP: 5/5
  1714 | D:2      | Found a shattered altar of Ashenzari.
  1735 | D:1      | HP: 1/24 [poisoned by an adder]
  1735 | D:1      | Slain by an adder

Skill      XL: |  1  2 |
---------------+-------+-----
Fighting       | 2 |  2.1
Short Blades   | 3 |  3.4
Throwing       | |  1.0
Armour         | |  1.1
Dodging        | |  2.6
Spellcasting   | |  1.9
Translocations | |  3.2

Action                   || total
-------------------------++-------
Melee: Short sword       ||   105
  Use: Scroll            ||     4
 Stab: Sleeping          ||     1
  Eat: Chunk             ||     2
Armor: Leather armour    ||    24
Dodge: Dodged            ||    91
